 Dungeon Crawl Stone Soup version 0.27-a0-1144-g0b7d3b79db (webtiles) character file.

Game seed: 276726173668416893

183158 Shayle the Fighter (level 17, -1/112 HPs)
             Began as a Vampire Enchanter on May 10, 2021.
             Was a High Priest of Wu Jian.
             Slain by the 27-headed Lernaean hydra (4 damage)
             ... on level 4 of the Swamp on May 11, 2021.
             The game lasted 03:01:11 (38020 turns).

Shayle the Fighter (Vampire Enchanter)             Turns: 38020, Time: 03:01:12

Health: -1/112     AC: 23    Str: 11    XL:     17   Next: 73%
Magic:  36/36      EV: 19    Int: 23    God:    Wu Jian [*****.]
Gold:   3376       SH:  7    Dex: 17    Spells: 13/29 levels left

rFire    . . .     SeeInvis +   B - +12 scimitar "Egexonie" {flame, rCorr}
rCold    + + +     Faith    .   T - +2 buckler
rNeg     + + +     Spirit   .   E - +2 acid dragon scales
rPois    ∞         Reflect  .   t - +1 helmet of Plasticity {rPois rC+}
rElec    .         Harm     .   K - +2 cloak
rCorr    +         Rampage  .   M - +2 pair of gloves {Stlth+}
Will     +....                  m - +2 pair of boots
Stlth    ++++++++..             (no amulet)
HPRegen  0.00/turn              Z - ring of Cokk {AC+4 Str+3 Slay+2}
MPRegen  0.25/turn              g - ring "Qicux" {rC+ rCorr MP+9 Dex+2}

@: exhausted, bloodless
A: bloodless, fangs 3, see invisible, vampiric 2
a: Bat Form, Revivify, Renounce Religion, Wall Jump, Serpent's Lash, Heavenly
Storm


You were on level 4 of the Swamp.
You worshipped Wu Jian.
Wu Jian was extremely pleased with you.
You visited 6 branches of the dungeon, and saw 30 of its levels.
You also visited: Gauntlet.

You collected 4911 gold pieces.
You spent 1535 gold pieces at shops.

Inventory:

Hand Weapons
 y - the +11 rapier of the Hungering Seer {pain, Dex+3}
   (You bought it in a shop on level 2 of the Orcish Mines)

   In the hands of one skilled in necromantic magic, it inflicts extra damage on
   living creatures.
   It affects your dexterity (+3).
 B - the +12 scimitar "Egexonie" (weapon) {flame, rCorr}
   (You found it on level 6 of the Lair of Beasts)

   It has been specially enchanted to burn those struck by it, causing extra
   injury to most foes and up to half again as much damage against particularly
   susceptible opponents.
   Big, fiery blades are also staple armaments of hydra-hunters.
   It protects you from acid and corrosion.
Missiles
 e - 18 silver javelins (quivered)
 u - 6 curare-tipped darts
 S - 9 atropa-tipped darts
Armour
 a - the +0 pair of gloves "Varphuubo" {Drain Will+++ Int+4 SInv}
   (You acquired it on level 1 of the Snake Pit)

   It affects your intelligence (+4).
   It lets you see invisible.
   It drains your maximum health when unequipped.
   It greatly increases your willpower.
 k - a +2 pair of gloves of strength
 m - a +2 pair of boots (worn)
 t - the +1 helmet of Plasticity (worn) {rPois rC+}
   (You bought it in a shop on level 10 of the Dungeon)

   It protects you from cold.
   It protects you from poison.
 E - +2 acid dragon scales (worn)
 K - a +2 cloak (worn)
 M - a +2 pair of gloves of stealth (worn)
 O - a +2 robe of the Archmagi
 T - a +2 buckler (worn)
Jewellery
 g - the ring "Qicux" (right hand) {rC+ rCorr MP+9 Dex+2}
   (You acquired it on level 13 of the Dungeon)

   [ring of magical power]

   It affects your dexterity (+2).
   It protects you from cold.
   It affects your magic capacity (+9).
   It protects you from acid and corrosion.
 n - the ring of the Mage {Wiz Will++ Int+3}
   (You found it on level 6 of the Lair of Beasts)

   [ring of wizardry]

   It improves your spell success rate.
   It affects your intelligence (+3).
   It greatly increases your willpower.
 s - an amulet of the acrobat
 w - a ring of flight
 U - a +6 ring of intelligence
 Z - the ring of Cokk (left hand) {AC+4 Str+3 Slay+2}
   (You took it off a minotaur in a Gauntlet)

   [ring of protection]

   It affects your AC (+4).
   It affects your strength (+3).
   It affects your accuracy and damage with ranged weapons and melee attacks
   (+2).
Wands
 j - a wand of flame (32)
 q - a wand of charming (31)
 z - a wand of acid (1)
 C - a wand of iceblast (43)
 H - a wand of mindburst (8)
 N - a wand of digging (3)
 P - a wand of polymorph (10)
 X - a wand of paralysis (21)
Scrolls
 b - 4 scrolls of fog
 o - 3 scrolls of holy word
 r - 6 scrolls of teleportation
 x - 2 scrolls of amnesia
 F - 4 scrolls of identify
 J - 2 scrolls of magic mapping
 Q - 2 scrolls of enchant armour
 R - 2 scrolls of silence
 Y - 3 scrolls of summoning
Potions
 c - 3 potions of might
 d - 3 potions of ambrosia
 f - 9 potions of curing
 h - a potion of cancellation
 i - 5 potions of berserk rage
 l - 5 potions of haste
 p - 3 potions of magic
 v - a potion of mutation
 D - a potion of resistance
 G - 3 potions of brilliance
 I - 2 potions of flight
 L - a potion of invisibility


   Skills:
 + Level 14.8 Fighting
 - Level 6.5(10.8) Short Blades
 + Level 12.3(12.8) Long Blades
 - Level 13.6 Dodging
 - Level 13.1 Stealth
 - Level 4.0 Shields
 + Level 6.8 Spellcasting
 - Level 14.0 Hexes
 - Level 10.0 Earth Magic
 - Level 10.4 Evocations


You had 13 spell levels left.
You knew the following spells:

 Your Spells              Type           Power      Damage    Failure   Level
a - Corona                Hex            71%        N/A       1%          1
b - Ensorcelled Hibernat  Hex/Ice        80%        N/A       1%          2
c - Confusing Touch       Hex            64%        N/A       1%          3
d - Dazzling Flash        Conj/Hex       80%        N/A       1%          3
e - Passwall              Tmut/Erth      25%        N/A       2%          2
f - Lee's Rapid Deconstr  Erth           26%        3d15*     5%          5

Your spell library contained the following spells:

 Spells                   Type           Power      Damage    Failure   Level
 Sandblast                Erth           100%       2d20      1%          1
 Slow                     Hex            64%        N/A       1%          2
 Inner Flame              Hex/Fire       40%        N/A       1%          3
 Summon Guardian Golem    Hex/Summ       40%        N/A       1%          3
 Tukima's Dance           Hex            64%        N/A       1%          3
 Cause Fear               Hex            32%        N/A       1%          4
 Leda's Liquefaction      Hex/Erth       29%        N/A       1%          4
 Stone Arrow              Conj/Erth      60%        3d10      4%          3
 Fulminant Prism          Conj/Hex       20%        3d13      7%          4
 Animate Skeleton         Necr           14%        N/A       12%         1
 Apportation              Tloc           14%        N/A       12%         1
 Beastly Appendage        Tmut           14%        N/A       12%         1
 Foxfire                  Conj/Fire      28%        2x1d5     12%         1
 Freeze                   Ice            28%        1d5       12%         1
 Magic Dart               Conj           28%        1d4       12%         1
 Pain                     Necr           28%        1d5       12%         1
 Summon Small Mammal      Summ           28%        N/A       12%         1
 Petrify                  Tmut/Erth      30%        N/A       16%         4
 Blink                    Tloc           N/A        N/A       19%         2
 Call Imp                 Summ           7%         N/A       19%         2
 Searing Ray              Conj           14%        3d3       19%         2
 Wereblood                Tmut           7%         N/A       19%         2
 Metabolic Englaciation   Hex/Ice        20%        N/A       19%         5
 Silence                  Hex/Air        20%        N/A       19%         5
 Call Canine Familiar     Summ           7%         N/A       36%         3
 Conjure Flame            Conj/Fire      7%         6-21      36%         3
 Frozen Ramparts          Ice            14%        1d3       36%         3
 Gell's Gravitas          Tloc           3%         N/A       36%         3
 Mephitic Cloud           Conj/Pois/Air  7%         N/A       36%         3
 Ozocubu's Armour         Ice            7%         N/A       36%         3
 Spider Form              Tmut/Pois      3%         N/A       36%         3
 Teleport Other           Tloc           7%         N/A       36%         3
 Vampiric Draining        Necr           3%         2d6       36%         3
 Animate Dead             Necr           3%         N/A       77%         4
 Hailstorm                Conj/Ice       7%         3d4       77%         4
 Ice Form                 Ice/Tmut       7%         N/A       77%         4
 Iskenderun's Mystic Bla  Conj/Tloc      7%         2d4       77%         4
 Passage of Golubria      Tloc           N/A        N/A       77%         4
 Sticky Flame             Conj/Fire      7%         2d3       77%         4
 Summon Ice Beast         Ice/Summ       7%         N/A       77%         4
 Summon Lightning Spire   Summ/Air       7%         N/A       77%         4
 Discord                  Hex            32%        N/A       95%         8
 Agony                    Necr           7%         N/A       98%         5
 Fireball                 Conj/Fire      3%         3d4       98%         5
 Hydra Form               Tmut           3%         N/A       98%         5
 Conjure Ball Lightning   Conj/Air       3%         3x3d6     100%        6
 Dragon Form              Tmut           3%         N/A       100%        7
 Dragon's Call            Summ           3%         N/A       100%        9
 Tornado                  Air            3%         N/A       100%        9


Dungeon Overview and Level Annotations

Branches:
Dungeon (15/15)            Temple (1/1) D:7            Lair (6/6) D:11
  Swamp (4/4) Lair:4        Snake (2/4) Lair:3        Slime (0/5) Lair:5
    Orc (2/2) D:11            Elf (0/3) Orc:2        Vaults (0/5) D:14
Gauntlet (visited)
 Depths: D:15

Altars:
Ashenzari
Cheibriados
Dithmenos
Elyvilon
Fedhas
Gozag
Hepliaklqana
Kikubaaqudgha
Makhleb
Nemelex Xobeh
Okawaru
Qazlal
Ru
Sif Muna
Trog
Vehumet
Wu Jian
Xom
Yredelemnul
The Shining One
Beogh

Shops:
D:3 !   D:6 [   D:8 *   D:10 *[?:*   Orc:2 [(:((

Annotations:
D:3 2 runed translucent doors
D:8 1 runed translucent door
D:14 3 runed translucent doors, Luajer's ghost, adept TeAE; Rabiuc's ghost, journeyman FoAK; Rupert; Xisuv's ghost, journeyman MiDe
Swamp:1 1 runed translucent door, freelancePsychic's ghost, journeyman GnWn
Swamp:4 exclusion: ice statue, Lernaean hydra


Innate Abilities, Weirdness & Mutations

You do not regenerate when monsters are visible.
You are frail without blood (-20% HP).
You can heal yourself when you bite living creatures.
You are immune to poison.
You have razor-sharp teeth.
You have supernaturally acute eyesight. (SInv)
You are afflicted with vampirism and can become a bat while bloodless.


Message History

The 27-headed Lernaean hydra barely misses you.
You block the 27-headed Lernaean hydra's attack.
The 27-headed Lernaean hydra bites you! x2
The 27-headed Lernaean hydra bites you but does no damage. x2
The 27-headed Lernaean hydra bites you.
* * * LOW HITPOINT WARNING * * *
The 27-headed Lernaean hydra misses you.
The 27-headed Lernaean hydra bites you but does no damage. x3
The 27-headed Lernaean hydra completely misses you.
The 27-headed Lernaean hydra barely misses you.
The 27-headed Lernaean hydra bites you!
* * * LOW HITPOINT WARNING * * *
The 27-headed Lernaean hydra completely misses you.
You block the 27-headed Lernaean hydra's attack.
Okay, then.
Okay, then.
Okay, then.
Okay, then.
You are too exhausted to lash out.
The 27-headed Lernaean hydra completely misses you.
You block the 27-headed Lernaean hydra's attack.
The 27-headed Lernaean hydra bites you but does no damage.
The 27-headed Lernaean hydra bites you!
* * * LOW HITPOINT WARNING * * *
You block the 27-headed Lernaean hydra's attack.
The 27-headed Lernaean hydra barely misses you.
The 27-headed Lernaean hydra bites you but does no damage.
The 27-headed Lernaean hydra closely misses you.
The 27-headed Lernaean hydra bites you.
* * * LOW HITPOINT WARNING * * *
The 27-headed Lernaean hydra misses you.
The 27-headed Lernaean hydra bites you but does no damage.
The 27-headed Lernaean hydra closely misses you.
The 27-headed Lernaean hydra bites you but does no damage. x2
The 27-headed Lernaean hydra bites you!
* * * LOW HITPOINT WARNING * * *
The 27-headed Lernaean hydra bites you but does no damage.
The 27-headed Lernaean hydra barely misses you. x2
The 27-headed Lernaean hydra bites you.
You die...

...≈≈≈#####.≈≈≈≈.≈≈≈...♣♣♣
.#..###,,,##.≈≈≈§§≈§§♣♣♣
.≈.P.#.,,,,#≈≈≈..≈≈≈≈♣
...8.#.,,,,#≈≈≈.....≈♣♣
#[...#(,,,,#≈≈≈§.≈≈≈(≈♣♣
.≈.8.+D,,,##≈.≈≈≈≈≈≈≈.§♣
##.≈.#D####§...≈≈≈≈≈.♣♣♣
..≈8≈..≈D.#≈..≈≈.§≈..≈♣
#...8.(.(.#≈.≈DD@≈≈...♣
#P.≈.P..P.'.♣÷...≈..≈≈♣
#⌠.≈...÷P≈#.≈.....≈♣♣♣♣
##.###.#....≈♣≈..§§.≈♣
#⌠P≈.#.P.≈..♣♣♣..≈§♣♣♣
#..≈..≈†≈≈..♣ ♣♣♣♣♣♣
..≈.8.(.8†#≈.♣
#..8...≈..#≈♣♣
##...#+####≈♣


You could see the 27-headed Lernaean hydra and an eight-headed hydra.

Vanquished Creatures
  2 thorn hunters (Swamp:2)
  A fenstrider witch (Swamp:3)
  An orc warlord (Orc:2)
  2 ghouls (Swamp:1)
  3 bunyips
  A minotaur (Gauntlet)
  An ettin (Orc:2)
  5 eleionomae
  Fannar (Lair:1)
  Josephine (D:14)
  A shambling mangrove (Swamp:3)
  5 boulder beetles
  22 hydras
  2 catoblepae
  A ghost crab (Swamp:1)
  An anaconda (Snake:1)
  A death knight (D:13)
  10 two-headed ogres
  13 alligators
  7 centaur warriors
  6 death yaks
  An orc high priest (Orc:2)
  3 tengu warriors
  Urug (D:14)
  2 skeletal warriors (D:13)
  Nergalle (Orc:1)
  6 spriggan druids
  3 goliath frogs (Swamp:1)
  10 swamp dragons
  13 bog bodies
  A deep elf zephyrmancer (D:10)
  3 orc knights
  A lindwurm (Lair:3)
  4 deep elf pyromancers
  15 ugly things
  4 manticores
  A salamander (Snake:1)
  8 will-o-the-wisps
  10 elephants (Lair:6)
  2 orc sorcerers (Orc:1)
  5 cyclopes
  5 black mambas
  A naga mage (Snake:1)
  3 gargoyles
  A torpor snail (Lair:2)
  8 kobold demonologists
  Maggie (D:8)
  2 unseen horrors (D:11)
  17 cane toads
  11 komodo dragons
  An efreet (D:10)
  Psyche (D:8)
  A freezing wraith (D:11)
  3 rime drakes
  4 tengu conjurers
  7 polar bears
  10 trolls
  A bloated husk (Swamp:4)
  10 tyrant leeches
  12 hornets
  Prince Ribbit (D:7)
  11 slime creatures
  18 blink frogs
  20 spriggans
  A meliai zombie (D:10)
  A redback (shapeshifter) (D:14)
  A vampire (D:13)
  12 humans
  A human (shapeshifter) (D:11)
  9 wraiths
  4 wyverns
  34 yaks
  2 basilisks
  22 vampire mosquitoes
  A warg (Orc:2)
  Duvessa (D:6)
  24 swamp worms
  5 nagas
  5 acid dragons
  18 water moccasins
  10 swamp drakes
  A sky beast (D:7)
  34 orc warriors
  4 necrophages
  6 boggarts
  4 black bears
  26 wolves
  9 ogres
  7 centaurs
  3 kobold brigands
  7 bullfrogs
  3 gnoll sergeants
  6 scorpions
  A wyvern zombie (D:7)
  Dowan (D:6)
  2 water moccasin zombies (D:5)
  A wyvern skeleton (D:7)
  A water moccasin skeleton (D:6)
  2 killer bees (D:10)
  8 wights
  5 howler monkeys
  An electric eel (Lair:4)
  A crimson imp (Orc:1)
  7 centaur zombies
  2 hounds
  3 jellies
  20 orc priests
  A gnoll shaman (D:8)
  An iron imp (Orc:1)
  2 bullfrog skeletons (D:5)
  An iguana (D:6)
  26 orc wizards
  2 howler monkey zombies
  15 gnolls
  6 adders
  A shadow imp (Orc:1)
  A white imp (Orc:1)
  An ufetubus (D:5)
  A dart slug (D:1)
  66 orcs
  7 ball pythons
  2 bat zombies (D:7)
  4 endoplasms
  4 giant cockroaches
  9 goblins
  6 hobgoblins
  9 jackals
  26 kobolds
  3 quokkas
  3 bats
  5 frilled lizards
  3 rats
  2 rat zombies (D:7)
853 creatures vanquished.

Vanquished Creatures (others)
  A tengu conjurer (Gauntlet)
  A bloated husk (Swamp:2)
  A vampire mosquito (D:10)
  An orc warrior (Orc:1)
  An orc wizard (Orc:1)
  21 bushes (Lair:1)
  10 foxfires
  39 fungi
  117 plants
  4 withered plants (D:14)
196 creatures vanquished.

Grand Total: 1049 creatures vanquished

Notes
Turn   | Place    | Note
-------+----------+-------------------------------------------
     0 | D:1      | Shayle the Vampire Enchanter began the quest for the Orb.
     0 | D:1      | Reached XP level 1. HP: 13/13 MP: 3/3
   225 | D:1      | Reached XP level 2. HP: 11/19 MP: 5/5
   227 | D:1      | Reached skill level 5 in Stealth
   401 | D:1      | Learned a level 2 spell: Ensorcelled Hibernation
   602 | D:1      | Found a faded altar of an unknown god.
   763 | D:1      | Gained mutation: You are afflicted with vampirism and can
                  | become a bat while bloodless. [Vampire growth]
   763 | D:1      | Reached XP level 3. HP: 24/24 MP: 4/6
  1237 | D:2      | You fall into a shaft and drop 1 floor!
  1246 | D:3      | Found Vaggar's Distillery.
  1275 | D:3      | Bought a potion of curing for 33 gold pieces
  1295 | D:3      | Found a broken altar of Ashenzari.
  1777 | D:2      | Reached XP level 4. HP: 21/30 MP: 2/7
  2174 | D:3      | Found a large runed translucent door.
  2174 | D:3      | Found a large runed translucent door.
  2362 | D:4      | Reached XP level 5. HP: 35/35 MP: 8/8
  3290 | D:4      | Noticed a necrophage
  3307 | D:4      | Killed a necrophage
  3308 | D:4      | Reached XP level 6. HP: 26/41 MP: 9/9
  3312 | D:4      | Learned a level 3 spell: Confusing Touch
  3494 | D:5      | Entered Level 5 of the Dungeon
  3573 | D:5      | Found a blossoming altar of Fedhas.
  3950 | D:5      | Reached skill level 1 in Shields
  3950 | D:5      | Reached XP level 7. HP: 46/46 MP: 10/10
  4053 | D:5      | Reached skill level 10 in Stealth
  4162 | D:5      | Reached skill level 5 in Dodging
  4834 | D:6      | Reached XP level 8. HP: 52/52 MP: 11/11
  5266 | D:6      | Reached skill level 5 in Short Blades
  5404 | D:6      | Noticed Dowan
  5404 | D:6      | Noticed Duvessa
  5675 | D:6      | Found an ornate altar of the Wu Jian Council.
  5702 | D:6      | Found Moonaipp's Antique Armour Shoppe.
  5705 | D:6      | Bought a pair of glowing gloves for 232 gold pieces
  5779 | D:6      | Killed Duvessa
  5843 | D:6      | Killed Dowan
  5895 | D:6      | Found a radiant altar of Vehumet.
  6061 | D:6      | Found a sacrificial altar of Ru.
  6634 | D:7      | Reached XP level 9. HP: 51/57 MP: 6/12
  6872 | D:7      | Found an ancient bone altar of Kikubaaqudgha.
  7095 | D:7      | Found a staircase to the Ecumenical Temple.
  7105 | Temple   | Entered the Ecumenical Temple
  7262 | D:7      | Noticed Prince Ribbit
  7271 | D:7      | Killed Prince Ribbit
  7357 | D:7      | Found a shimmering altar of Xom.
  7675 | D:8      | Noticed Maggie
  7677 | D:8      | Found a runed translucent door.
  7678 | D:8      | Found a burning altar of Makhleb.
  7678 | D:8      | Noticed a sixfirhy
  7679 | D:8      | Killed Maggie
  7744 | D:8      | Found Izxuzawk's Assorted Antiques.
  7752 | D:8      | Bought a scroll labelled ERUL WATUL for 37 gold pieces
  7889 | D:7      | Reached skill level 1 in Fighting
  7889 | D:7      | Reached skill level 1 in Evocations
  8203 | D:8      | Noticed a two-headed ogre
  8224 | D:8      | Killed a two-headed ogre
  8373 | D:8      | Acquired 910 gold pieces
  8678 | D:3      | Bought a potion of heal wounds for 55 gold pieces
  8678 | D:3      | Bought a potion of curing for 33 gold pieces
  8678 | D:3      | Bought a potion of resistance for 110 gold pieces
  8678 | D:3      | Bought a potion of curing for 33 gold pieces
  9299 | D:8      | Found a stormy altar of Qazlal.
  9857 | D:8      | Noticed Psyche
  9877 | D:8      | Killed Psyche
  9878 | D:8      | Reached XP level 10. HP: 29/72 MP: 11/13
 10148 | D:9      | Noticed a two-headed ogre
 10152 | D:8      | Killed a two-headed ogre
 10153 | D:8      | Reached skill level 5 in Fighting
 10153 | D:8      | Reached skill level 5 in Evocations
 10677 | D:9      | Found a bloodstained altar of Trog.
 10983 | D:10     | Entered Level 10 of the Dungeon
 10983 | D:10     | Found Moolieff's Demolitions Depot.
 11021 | D:10     | Noticed a two-headed ogre
 11029 | D:10     | Killed a two-headed ogre
 11076 | D:10     | Found Pytamn's Antique Armour Emporium.
 11084 | D:10     | Noticed a two-headed ogre
 11134 | D:10     | Killed a two-headed ogre
 11271 | D:10     | Bought a shiny buckler for 187 gold pieces
 11357 | D:10     | Found Deut Hah's Magic Scroll Boutique.
 11365 | D:10     | Bought a scroll of enchant weapon for 90 gold pieces
 11365 | D:10     | Bought a scroll of magic mapping for 42 gold pieces
 11365 | D:10     | Bought a scroll of blinking for 90 gold pieces
 11670 | D:10     | Found Ruoph's Assorted Antiques.
 11677 | D:10     | Bought a jewelled helmet for 323 gold pieces
 11677 | D:10     | Identified the +1 helmet of Plasticity {rPois rC+} (You
                  | bought it in a shop on level 10 of the Dungeon)
 11866 | D:10     | Noticed a cyclops
 11868 | D:10     | Noticed a centaur warrior
 11870 | D:10     | Noticed a cyclops
 12005 | D:10     | Reached XP level 11. HP: 76/84 MP: 9/14
 12014 | D:10     | Killed a centaur warrior
 12243 | D:10     | Found Diomnor's Book Boutique.
 12251 | D:10     | Learned a level 3 spell: Dazzling Flash
 12403 | D:6      | Became a worshipper of the Wu Jian Council
 12754 | D:10     | Noticed a boulder beetle
 12986 | D:10     | Killed a boulder beetle
 13498 | D:10     | Noticed a deep elf zephyrmancer
 13537 | D:10     | Killed a deep elf zephyrmancer
 13946 | D:11     | Found a staircase to the Lair.
 13952 | Lair:1   | Entered Level 1 of the Lair of Beasts
 13957 | Lair:1   | Found a hazy altar of Hepliaklqana.
 13989 | Lair:1   | Noticed a seven-headed hydra
 13995 | Lair:1   | Killed a seven-headed hydra
 14058 | Lair:1   | Reached * piety under Wu Jian
 14509 | Lair:1   | Reached XP level 12. HP: 49/97 MP: 15/15
 14715 | Lair:1   | Reached skill level 10 in Fighting
 14715 | Lair:1   | Reached skill level 10 in Evocations
 14846 | Lair:1   | Noticed Fannar
 14887 | Lair:1   | Killed Fannar
 14892 | Lair:1   | Acquired 661 gold pieces
 15654 | Lair:2   | Reached skill level 5 in Hexes
 16440 | Lair:2   | Identified the +1 leather armour "Qubairch" {SInv}
 16575 | Lair:3   | Noticed a death yak
 16576 | Lair:3   | Noticed a death yak
 16576 | Lair:3   | Noticed a death yak
 16576 | Lair:3   | Noticed a death yak
 16577 | Lair:3   | Noticed a death yak
 16580 | Lair:3   | Noticed a death yak
 16611 | Lair:2   | Killed a death yak
 16770 | Lair:3   | Found a staircase to the Snake Pit.
 17044 | Lair:3   | Learned a level 2 spell: Passwall
 17514 | Lair:4   | Reached ** piety under Wu Jian
 17700 | Lair:4   | Noticed a catoblepas
 17714 | Lair:4   | Killed a catoblepas
 17799 | Lair:4   | Identified the +5 long sword of True Grit {speed, *Corrode
                  | rC++ Dex+7}
 17835 | Lair:4   | Reached skill level 1 in Long Blades
 17835 | Lair:4   | Reached skill level 1 in Earth Magic
 18300 | Lair:3   | Reached XP level 13. HP: 98/106 MP: 13/16
 18760 | D:9      | Reached skill level 10 in Dodging
 18760 | D:9      | Reached XP level 14. HP: 113/113 MP: 17/17
 19165 | Lair:3   | Reached skill level 5 in Long Blades
 20019 | Lair:4   | Found a staircase to the Swamp.
 20678 | Lair:5   | Found a staircase to the Slime Pits.
 20909 | Lair:5   | Reached skill level 5 in Earth Magic
 21633 | Lair:6   | Entered Level 6 of the Lair of Beasts
 21645 | Lair:6   | Identified the +12 scimitar "Egexonie" {flame, rCorr}
 21657 | Lair:6   | Found a gate leading to a gauntlet.
 21675 | Gauntlet | Entered a Gauntlet
 21675 | Gauntlet | Found a transporter.
 21675 | Gauntlet | Found a transporter.
 21675 | Gauntlet | Found a transporter.
 21685 | Gauntlet | Found a transporter.
 21688 | Gauntlet | Found a transporter.
 21696 | Gauntlet | Found a transporter.
 21699 | Gauntlet | Found a transporter.
 21707 | Gauntlet | Found a transporter.
 21725 | Gauntlet | Found a transporter.
 21740 | Gauntlet | Found a transporter.
 21743 | Gauntlet | Found a transporter.
 21753 | Gauntlet | Found a transporter.
 21858 | Gauntlet | Learned a level 5 spell: Lee's Rapid Deconstruction
 21868 | Gauntlet | Reached skill level 10 in Hexes
 21869 | Gauntlet | Reached *** piety under Wu Jian
 21989 | Gauntlet | Identified the +1 hat of the Moon {Str+9 Int+7 Dex-5
                  | Stlth-}
 22201 | Gauntlet | Identified the +0 pair of gloves "Miygyth" {rElec rCorr
                  | Str+5 Slay-2}
 22215 | Gauntlet | Identified the ring of Cokk {AC+4 Str+3 Slay+2}
 22233 | Gauntlet | Identified the +1 scale mail of Gozag's Hope {SInv}
 22361 | Lair:6   | Found the ring of the Mage {Wiz Will++ Int+3}
 23214 | Lair:6   | Reached **** piety under Wu Jian
 23218 | Lair:6   | Reached XP level 15. HP: 69/120 MP: 16/18
 24050 | Swamp:1  | Entered Level 1 of the Swamp
 24689 | D:11     | Identified the +4 shortbow of the Thirteen Yaks {flame,
                  | Drain Fly rElec Str+4 Stlth+}
 24689 | D:11     | Identified the +5 great mace of Floods {flame, Str+4}
 24962 | D:11     | Found a staircase to the Orcish Mines.
 24963 | D:11     | Found a blossoming altar of Fedhas.
 24991 | D:11     | Reached ***** piety under Wu Jian
 26987 | Orc:1    | Entered Level 1 of the Orcish Mines
 27094 | Orc:2    | Entered Level 2 of the Orcish Mines
 27164 | Orc:2    | Found a staircase to the Elven Halls.
 27332 | Orc:2    | Found a shimmering blue altar of Sif Muna.
 27523 | Orc:2    | Found Gepp's Weapon Emporium.
 27699 | Orc:2    | Found Quciwneyt's Book Shoppe.
 27915 | Orc:2    | Noticed an orc warlord
 27925 | Orc:2    | Killed an orc warlord
 27938 | Orc:2    | Found Neuss's Antique Armour Shoppe.
 27941 | Orc:2    | Found Esutz's Antique Weapon Emporium.
 28028 | Orc:2    | Bought a polished rapier for 270 gold pieces
 28028 | Orc:2    | Identified the +11 rapier of the Hungering Seer {pain,
                  | Dex+3} (You bought it in a shop on level 2 of the Orcish
                  | Mines)
 28151 | Orc:2    | Found Athebuh's Weapon Emporium.
 28163 | Orc:2    | Reached XP level 16. HP: 130/130 MP: 19/19
 28742 | Orc:1    | Noticed Nergalle
 28749 | Orc:1    | Killed Nergalle
 28827 | Orc:1    | Identified the +0 hat of Weirdness {Will+ rCorr Dex+3 SInv}
 28830 | Orc:1    | Identified the +1 hat of Instinct {rC++}
 29003 | Snake:1  | Entered Level 1 of the Snake Pit
 29032 | Snake:1  | Acquired the +0 pair of gloves "Varphuubo" {Drain Will+++
                  | Int+4 SInv}
 29442 | D:14     | Found a gate to the Vaults.
 29442 | D:14     | Noticed Urug
 29442 | D:14     | Noticed Rupert
 29568 | D:13     | Acquired the ring "Qicux" {rC+ rCorr MP+9 Dex+2}
 29569 | D:13     | Acquired a book of the Dragon
 29570 | D:13     | Acquired the Disquisition on Ensnaring Dislocation
 29795 | D:14     | Noticed Josephine
 29822 | D:14     | Killed Josephine
 29939 | D:14     | Found a runed translucent gate.
 29939 | D:14     | Found a runed translucent gate.
 29939 | D:14     | Found a runed translucent gate.
 29939 | D:14     | Noticed Luajer's ghost (adept TeAE)
 29940 | D:14     | Noticed Rabiuc's ghost (journeyman FoAK)
 29940 | D:14     | Noticed Xisuv's ghost (journeyman MiDe)
 30507 | D:15     | Entered Level 15 of the Dungeon
 30675 | D:14     | Found a sacrificial altar of Ru.
 30752 | D:14     | Killed Urug
 31034 | Swamp:1  | Reached skill level 10 in Long Blades
 32237 | Swamp:1  | Reached skill level 10 in Earth Magic
 32636 | Swamp:1  | Found a runed translucent door.
 32636 | Swamp:1  | Found a shimmering altar of Xom.
 32636 | Swamp:1  | Noticed freelancePsychic's ghost (journeyman GnWn)
 32638 | Swamp:1  | Found the +3 pair of seven-league boots {Rampage+∞}
 32640 | Swamp:1  | Identified the +9 scythe "Larrox" {chaos, rElec Int+4}
 32726 | Swamp:2  | Noticed a thorn hunter
 32812 | Swamp:2  | Killed a thorn hunter
 33479 | Swamp:2  | Identified the +0 robe of Stoicism {Int+3}
 33518 | Swamp:2  | Reached XP level 17. HP: 87/110 MP: 17/22
 34966 | Swamp:3  | Reached skill level 5 in Spellcasting
 35657 | Swamp:4  | Entered Level 4 of the Swamp
 36151 | Swamp:4  | Found a frozen archway.
 38012 | Swamp:4  | Noticed the 27-headed Lernaean hydra
 38020 | Swamp:4  | HP: 3/112 [the 27-headed Lernaean hydra (9)]
 38020 | Swamp:4  | Slain by the 27-headed Lernaean hydra

Illustrated notes

Levels and vault maps discovered:
D:1:      dpeg_arrival_renting, layout_loops_ring,
          hellmonk_ecumenical_altar_zigzags
D:2:      layout_rooms
D:3:      layout_loops_ring, jmf_multi_god_temple2, ashenzari_altar_1,
          serial_shops, shop
D:4:      layout_basic, minmay_surrounded
D:5:      layout_gridville, overflow_temple_1_default
D:6:      layout_layer_cave, nicolae_overflow_hidden_temple, lemuel_tele_altar,
          old_standard_altar, serial_shops, kennysheep_mini,
          chequers_serial_rivers_micro_e, uniq_duvessa
D:7:      layout_cave_pools, lemuel_round_altar,
          lemuel_zombie_altar_kikubaaqudgha, marbit_many_paths,
          minmay_temple_entry_glass, uniq_prince_ribbit1
D:8:      layout_basic, general_overflow_altar, nzn_makhleb_speed_demon,
          serial_shops, nicolae_shop_temple_entry_statues_fountains,
          uniq_maggie, uniq_psyche
D:9:      layout_roguey, overflow_temple_1_default, st_stairs_9
D:10:     hangedman_cross_cluster, layout_stronghold, serial_shops, shop_coins,
          nicolae_shop_stone, kennysheep_mini_moat, nicolae_shop_stone,
          serial_co_window_serial, co_window_corner_a, co_window_paths_b,
          co_window_paths_b, co_window_paths_a, co_window_corner_a,
          nicolae_blasting_shop, hangedman_stone_soup
D:11:     minmay_the_grid_plus_closed [minmay_the_grid_outer_circle,
          minmay_the_grid_fan, minmay_the_grid_minigrid_medium,
          minmay_the_grid_tiny_cups, minmay_the_grid_prize_shrinking_boxes],
          layout_basic, fedhas_altar_1
D:12:     layout_roguey
D:13:     layout_roguey
D:14:     layout_rooms, david_vaults_3, nicolae_ru_sacrificial_ziggurat,
          gammafunk_ghost_cemetery, minivault_26, nicolae_twisting_strands,
          skrybe_limestone_x, minmay_increasing_density, uniq_rupert,
          uniq_josephine
D:15:     hangedman_depths_entry_civil_slaughter, layout_irregular_city,
          minivault_14
Temple:   nicolae_temple_figure_zero
Lair:1:   layout_misc_corridors, basic_altar, serial_forest,
          infiniplex_forest_3_way, infiniplex_forest_diagonal,
          infiniplex_forest_end_1, infiniplex_forest_lined_3,
          infiniplex_forest_lined_room_2, infiniplex_forest_join,
          infiniplex_forest_zigzag_2, uniq_fannar
Lair:2:   layout_regular_city
Lair:3:   layout_cave_pods, guppyfry_snake_entry_island
Lair:4:   layout_regular_city, nicolae_swamp_entry_splash_gauntlet
Lair:5:   layout_loops_ring, minmay_slime_entry_pillars, lemuel_fruit_tree
Lair:6:   minmay_lair_end_enchanted_forest, layout_misc_corridors,
          gauntlet_entry_generic
Swamp:1:  layout_basic_swamp, ebering_ghost_xom, infiniplex_staircase_pool
Swamp:2:  layout_falls_marsh, evilmike_swamp_ruin_rubble_2, swamp_pool3,
          hangedman_swamp_wriggling
Swamp:3:  layout_falls_marsh, nicolae_swamp_treefoil
Swamp:4:  grunt_swamp_rune_castle, layout_basic_swamp,
          portal_ice_cave_entry_ice_statue_one
Snake:1:  layout_gridlike
Snake:2:  layout_misc_corridors, evilmike_ambush [evilmike_ambush_outer_basic,
          evilmike_ambush_inner_cross], grunt_megastairs_1
Orc:1:    layout_diamond_mine, hangedman_minor_magic, uniq_nergalle
Orc:2:    grunt_orc_community_town_hall, layout_caves,
          grunt_orc_community_big_house_2, grunt_orc_community_big_house_1,
          grunt_orc_community_house_3, grunt_orc_community_house_1,
          grunt_orc_community_house_3, grunt_orc_community_house_3,
          grunt_orc_community_house_1, grunt_orc_community_house_3,
          serial_shops, shop, kennysheep_orc_sif_temple

Skill      XL: |  1  2  3  4  5  6  7  8  9 10 11 12 13 14 15 16 17 |
---------------+----------------------------------------------------+-----
Stealth        | 5 6 7 8 9 10 12 13 | 13.1
Short Blades   | 2 3 4 5 6 |  6.5
Dodging        | 3 4 5 6 8 10 11 12 13 | 13.6
Shields        | 1 2 3 4 |  4.0
Fighting       | 4 7 9 11 12 13 14 | 14.8
Evocations     | 4 7 9 10 | 10.4
Hexes          | 8 11 13 14 | 14.0
Long Blades    | 1 4 7 9 10 12 | 12.3
Earth Magic    | 1 3 6 8 10 | 10.0
Spellcasting   | 3 6 |  6.8

Action                   |  1- 3 |  4- 6 |  7- 9 | 10-12 | 13-15 | 16-18 || total
-------------------------+-------+-------+-------+-------+-------+-------++-------
Melee: Dagger            |    56 |       |       |       |       |       ||    56
       Short sword       |    56 |   127 |   278 |   808 |   421 |       ||  1690
       Bite              |     6 |     6 |    24 |    87 |   123 |   126 ||   372
       Scimitar          |       |       |       |       |   797 |  1117 ||  1914
Throw: Dart              |       |       |       |    18 |       |       ||    18
       Throwing net      |       |       |       |     1 |       |       ||     1
       Javelin           |       |       |       |       |       |     1 ||     1
 Cast: Ensorcelled Hiber |     7 |     6 |    58 |    59 |     7 |       ||   137
       Confusing Touch   |       |       |     9 |    27 |    56 |    29 ||   121
       Dazzling Flash    |       |       |       |    35 |    13 |       ||    48
       Passwall          |       |       |       |     5 |     2 |       ||     7
       Lee's Rapid Decon |       |       |       |       |     8 |       ||     8
Invok: Whirlwind         |       |       |       |   191 |   349 |   310 ||   850
       Lunge             |       |       |       |    38 |    75 |    69 ||   182
       Heavenly Storm    |       |       |       |       |     2 |     2 ||     4
       Serpent's Lash    |       |       |       |       |     2 |     2 ||     4
 Abil: Wall Jump         |       |       |       |    16 |    63 |     5 ||    84
       Exsanguinate      |       |       |       |     1 |       |     1 ||     2
       Revivify          |       |       |       |     1 |       |       ||     1
Evoke: Wand              |       |       |     8 |    13 |     6 |    21 ||    48
  Use: Scroll            |       |     8 |     8 |     2 |    14 |    14 ||    46
       Potion            |       |     1 |     2 |     2 |     3 |     7 ||    15
 Stab: Sleeping          |    20 |    22 |    33 |    48 |    40 |    30 ||   193
       Distracted        |     1 |     2 |       |       |     3 |     6 ||    12
       Confused          |       |       |     6 |    33 |    66 |    23 ||   128
       Invisible         |       |       |       |    29 |    13 |       ||    42
Armor: Robe              |    17 |    36 |    39 |       |       |       ||    92
       Acid dragon scale |       |       |    18 |   213 |   330 |   397 ||   958
       Swamp dragon scal |       |       |    18 |       |       |       ||    18
Dodge: Dodged            |    62 |    64 |   160 |   459 |   665 |   683 ||  2093
Block: Buckler           |       |     3 |    56 |   230 |   297 |   300 ||   886
       Rpst.: Scimitar   |       |       |       |       |   116 |   126 ||   242

Table legend: (Time is in decaauts)
 A = Elapsed time spent in this place.
 B = Non-inter-level travel time spent in this place.
 C = Inter-level travel time spent in this place.
 D = Time resting spent in this place.
 E = Time spent auto-exploring this place.
 F = Levels seen in this place.
 G = Mean time per level.
                   A        B        C        D        E       F      G
               +--------+--------+--------+--------+--------+-----+--------+
         Total |  38330 |  35405 |   2925 |  10150 |  13981 |  31 | 1236.5 |
       Dungeon |  18336 |  16606 |   1730 |   2930 |   8568 |  15 | 1222.4 |
        Temple |    130 |    120 |     10 |      0 |    113 |   1 |  130.0 |
          Lair |   9802 |   8885 |    917 |   2593 |   3273 |   6 | 1633.7 |
         Swamp |   7281 |   7166 |    115 |   4119 |   1073 |   4 | 1820.2 |
     Snake Pit |    191 |    191 |      0 |      0 |     80 |   2 |   95.5 |
  Orcish Mines |   1930 |   1779 |    151 |    206 |    873 |   2 |  965.0 |
      Gauntlet |    657 |    657 |      0 |    302 |      0 |   1 |  657.0 |
               +--------+--------+--------+--------+--------+-----+--------+

Top non-repeatable levels by time:
 Swamp:3: 3234 daAuts
    D:10: 2731 daAuts
     D:8: 2041 daAuts
  Lair:2: 1907 daAuts
     D:6: 1899 daAuts
  Lair:3: 1861 daAuts
  Lair:4: 1800 daAuts
 Swamp:1: 1791 daAuts
  Lair:1: 1712 daAuts
 Swamp:2: 1611 daAuts
     D:5: 1505 daAuts
   Orc:2: 1440 daAuts
  Lair:6: 1426 daAuts
    D:14: 1330 daAuts
     D:4: 1307 daAuts
